 Dungeon Crawl Stone Soup version 0.17.1-3-g152610e (webtiles) character file.

60 aeluma the Sneak (level 3, -4/16 HPs)
             Began as a Spriggan Enchanter on Apr 18, 2016.
             Was an Initiate of Dithmenos.
             Slain by a worm (10 damage)
             ... on level 2 of the Dungeon.
             The game lasted 00:04:34 (1638 turns).

aeluma the Sneak (Spriggan Enchanter)               Turns: 1638, Time: 00:04:34

Health: -4/16      AC:  3    Str:  5    XL:     3   Next: 80%
Magic:  7/8        EV: 18    Int: 16    God:    Dithmenos [......]
Gold:   93         SH:  0    Dex: 16    Spells: 1 memorised, 6 levels left

rFire  . . .     SeeInvis +     a - +1 dagger
rCold  . . .     Clarity  .     b - +1 robe
rNeg   . . .     SustAt   .     (shield restricted)
rPois  .         Gourm    .     (helmet restricted)
rElec  .         Spirit   .     (no cloak)
rCorr  .         Warding  .     (gloves unavailable)
rMut   .         Stasis   .     (boots unavailable)
MR     .....                    (no amulet)
Stlth  ++++......               (no ring)
                                (no ring)

@: very quick, not resistant to hostile enchantments, stealthy
A: unfitting armour, see invisible, herbivore 3, speed 3, slow metabolism 2
a: Renounce Religion


You were on level 2 of the Dungeon.
You worshipped Dithmenos.
Dithmenos was noncommittal.
You were not hungry.

You visited 1 branch of the dungeon, and saw 2 of its levels.

You collected 93 gold pieces.

Inventory:

Hand Weapons
 a - a +1 dagger (weapon)
Armour
 b - a +1 robe (worn)
Scrolls
 g - 2 scrolls of remove curse {unknown}
 j - a scroll of enchant armour {unknown}
 l - 2 scrolls of teleportation {unknown}
Potions
 e - a potion of heal wounds {unknown}
 f - a potion of haste {unknown}
 h - a potion of curing {unknown}
 i - a potion of degeneration {unknown}
 k - a potion of brilliance {unknown}
 m - a potion of flight {unknown}
Books
 c - a book of Maledictions

   Spells                             Type                      Level
   a - Corona                         Hexes                        1
   b - Ensorcelled Hibernation        Hexes/Ice                    2
   c - Confuse                        Hexes                        3
   d - Tukima's Dance                 Hexes                        3
   e - Dazzling Spray                 Conjuration/Hexes            3
 n - a book of Dreams

   Spells                             Type                      Level
   a - Ensorcelled Hibernation        Hexes/Ice                    2
   b - Phase Shift                    Translocation                5
   c - Shadow Creatures               Summoning                    5
   d - Silence                        Hexes/Air                    5
   e - Darkness                       Hexes                        6
   f - Mass Confusion                 Hexes                        6
Comestibles
 d - a bread ration


   Skills:
 + Level 3.0 Short Blades
 - Level 3.0 Dodging
 + Level 6.0 Stealth
 - Level 2.6 Spellcasting
 - Level 3.6 Hexes


You had 6 spell levels left.
You knew the following spells:

 Your Spells              Type           Power        Failure   Level  Hunger
a - Corona                Hex            ##.....      6%          1    #......


Dungeon Overview and Level Annotations

Branches:
Dungeon (2/15)

Altars:
Ashenzari
Dithmenos
Sif Muna

Annotations:
D:2 Natasha


Innate Abilities, Weirdness & Mutations

You are tiny and cannot use many weapons and most armour.
You have supernaturally acute eyesight.
You are a herbivore.
You cover ground extremely quickly.
You need consume almost no food.


Message History

The worm is moderately wounded.
The worm misses you.
You hit the worm.
The worm is moderately wounded.
You hit the worm but do no damage.
The worm is moderately wounded.
The worm bites you.
You hit the worm.
The worm is moderately wounded.
You hit the worm.
The worm is heavily wounded.
The worm barely misses you.
You hit the worm.
The worm is heavily wounded.
The worm stops glowing.
You hit the worm but do no damage.
The worm is heavily wounded.
The worm bites you!
Ouch! That really hurt!
You die...

####..#
####...##.
#.....# ####.#
#.#...# .. ..
#...#
####.###...#
#..........####
#.##.###......#
#.#####.##.#
#.w@....# #
#...######.# ##
#.# ###


You could see a worm.

Vanquished Creatures
  Jessica (D:2)
  8 bats
  2 giant cockroaches
  3 goblins (D:2)
  4 hobgoblins
  2 jackals (D:1)
  3 kobolds (D:1)
  7 giant newts
  5 rats
35 creatures vanquished.

Notes
Turn   | Place    | Note
--------------------------------------------------------------
     0 | D:1      | aeluma the Spriggan Enchanter began the quest for the Orb.
     0 | D:1      | Reached XP level 1. HP: 9/9 MP: 5/5
   220 | D:1      | Reached XP level 2. HP: 4/13 MP: 6/6
   566 | D:1      | Reached skill level 5 in Stealth
  1106 | D:2      | Found a shattered altar of Ashenzari.
  1109 | D:2      | Found a shadowy altar of Dithmenos.
  1117 | D:2      | Became a worshipper of Dithmenos the Shadowed
  1124 | D:2      | Found a deep blue altar of Sif Muna.
  1186 | D:2      | Reached XP level 3. HP: 16/16 MP: 8/8
  1375 | D:2      | Noticed Natasha
  1492 | D:2      | Noticed Jessica
  1503 | D:2      | Killed Jessica
  1503 | D:2      | Reached skill level 6 in Stealth
  1638 | D:2      | Slain by a worm

Action                   || total
-------------------------++-------
Melee: Dagger            ||   125
 Cast: Corona            ||     3
 Stab: Sleeping          ||    12
